 Dungeon Crawl Stone Soup version 0.22-a0-252-gcace5d2 (webtiles) character file.

39439 mhoghedin the Fighter (level 14, -2/111 HPs)
             Began as a Gnoll Wanderer on Mar 1, 2018.
             Was an Initiate of Gozag.
             Slain by a death yak (8 damage)
             ... on level 6 of the Lair of Beasts.
             The game lasted 00:34:17 (16536 turns).

mhoghedin the Fighter (Gnoll Wanderer)             Turns: 16536, Time: 00:34:17

Health: -2/111     AC: 17    Str: 20    XL:     14   Next: 6%
Magic:  26/26      EV: 17    Int: 19    God:    Gozag
Gold:   3140       SH:  0    Dex: 21    Spells: 28/30 levels left

rFire    . . .     SeeInvis .   y - +0 lajatang "Cyzxotoc" {elec, Str+2 Int+4 Dex+4}
rCold    . . .     Gourm    .   (shield currently unavailable)
rNeg     . . .     Faith    .   e - +4 scale mail {MR+}
rPois    +         Spirit   .   G - +1 hat
rElec    .         Reflect  .   g - +0 cloak
rCorr    +         Harm     .   (no gloves)
MR       ++++.                  o - +1 pair of boots of Mezcal {rPois MR+ rCorr Int-5}
Stlth    ++++......             (no amulet)
HPRegen  0.28/turn              D - +6 ring of slaying
MPRegen  0.20/turn              B - ring "Hompaic" {MR+ Int+6 Stlth+}

@: gold aura
A: distributed training, fangs 1, strong nose
a: Potion Petition, Call Merchant, Bribe Branch, Renounce Religion


You were on level 6 of the Lair of Beasts.
You worshipped Gozag.
Gozag was most pleased with you.
You were not hungry.

You visited 2 branches of the dungeon, and saw 15 of its levels.

You collected 4397 gold pieces.
You spent 758 gold pieces at shops.
You paid 499 gold pieces to Gozag.

Inventory:

Hand Weapons
 a - a +4 longbow
   (You found it on level 3 of the Dungeon)
 b - the +9 staff of Olgreb {rPois}
   (You found it on level 9 of the Dungeon)

   It protects you from poison.
 y - the +0 lajatang "Cyzxotoc" (weapon) {elec, Str+2 Int+4 Dex+4}
   (You found it on level 5 of the Lair of Beasts)

   Occasionally, upon striking a foe, it will discharge some electrical energy
   and cause terrible harm.
   It affects your strength (+2).
   It affects your intelligence (+4).
   It affects your dexterity (+4).
 H - a +1 morningstar of crushing
   (You took it off an orc priest on level 7 of the Dungeon)
 J - a +2 whip of electrocution
   (You took it off Pikel on level 9 of the Dungeon)
Missiles
 k - 110 arrows
 r - 7 throwing nets {=f, !d}
Armour
 e - a +4 scale mail of magic resistance (worn)
   (You took it off an orc on level 4 of the Dungeon)
 g - a +0 cloak (worn)
   (You took it off Maurice on level 9 of the Dungeon)
 o - the +1 pair of boots of Mezcal (worn) {rPois MR+ rCorr Int-5}
   (You found it on level 9 of the Dungeon)

   It affects your intelligence (-5).
   It protects you from poison.
   It affects your resistance to hostile enchantments.
   It protects you from acid and corrosion.
 G - a +1 hat (worn)
   (You took it off Gastronok on level 1 of the Lair of Beasts)
Jewellery
 q - an uncursed ring of protection from cold {rC+, !d}
   (You found it on level 3 of the Dungeon)
 w - an uncursed ring of fire {rF+, rC-}
   (You found it on level 5 of the Dungeon)
 B - the ring "Hompaic" (right hand) {MR+ Int+6 Stlth+}
   (You bought it in a shop on level 7 of the Dungeon)

   [ring of protection from magic]

   It affects your intelligence (+6).
   It affects your resistance to hostile enchantments.
   It makes you more stealthy.
 D - a +6 ring of slaying (left hand)
   (You found it on level 8 of the Dungeon)
 I - a cursed ring of teleportation {unknown}
   (You found it on level 9 of the Dungeon)
Wands
 m - a wand of flame (65)
   (You found it on level 2 of the Lair of Beasts)
 u - a wand of polymorph (29)
   (You found it on level 3 of the Dungeon)
 R - a wand of scattershot (1)
   (You found it on level 5 of the Lair of Beasts)
Scrolls
 i - 4 scrolls of teleportation
 j - a scroll of amnesia
 l - 5 scrolls of identify
 n - 3 scrolls of remove curse
 p - 6 scrolls of magic mapping {!r}
 t - 2 scrolls of random uselessness {unknown}
 v - 3 scrolls of enchant armour {unknown}
 x - a scroll of noise {unknown}
 z - a scroll of acquirement {unknown}
 A - 2 scrolls of immolation {unknown}
 E - 2 scrolls of blinking {unknown}
 F - 2 scrolls of enchant weapon
 K - a scroll of holy word {unknown}
 M - 2 scrolls of fear
 O - 2 scrolls of torment {unknown}
 S - a scroll of fog
Potions
 c - 7 potions of curing
 d - 2 potions of mutation {unknown}
 h - 3 potions of degeneration {!q}
 s - a potion of heal wounds
 C - a potion of haste
 L - 2 potions of berserk rage {unknown}
 N - 2 potions of ambrosia
Miscellaneous
 P - a lamp of fire (inert)
   (You found it on level 4 of the Lair of Beasts)
 Q - a phantom mirror
Comestibles
 f - 26 rations


   Skills:
 + Level 10.8 Fighting
 + Level 8.7 Short Blades
 + Level 8.7 Long Blades
 + Level 8.7 Axes
 + Level 9.8 Maces & Flails
 + Level 8.7 Polearms
 + Level 8.7 Staves
 + Level 8.7 Slings
 + Level 9.1 Bows
 + Level 8.7 Crossbows
 + Level 9.1 Throwing
 + Level 9.8 Armour
 + Level 8.7 Dodging
 + Level 9.1 Stealth
 + Level 8.7 Shields
 + Level 8.7 Unarmed Combat
 + Level 8.7 Spellcasting
 + Level 7.2 Conjurations
 + Level 7.2 Hexes
 + Level 7.2 Charms
 + Level 7.2 Summonings
 + Level 7.2 Necromancy
 + Level 7.2 Translocations
 + Level 7.2 Transmutations
 + Level 7.2 Fire Magic
 + Level 7.2 Ice Magic
 + Level 7.2 Air Magic
 + Level 7.2 Earth Magic
 + Level 7.2 Poison Magic
 + Level 9.5 Invocations
 + Level 8.7 Evocations


You had 28 spell levels left.
You knew the following spells:

 Your Spells              Type           Power        Failure   Level  Hunger
b - Blink                 Tloc           N/A          1%          2    None


Dungeon Overview and Level Annotations

Branches:
Dungeon (9/15)             Temple (0/1) D:5            Lair (6/6) D:9
 Shoals (0/4) Lair:2        Snake (0/4) Lair:4        Slime (0/5) Lair:6
    Orc (0/2) D:9

Altars:
Gozag
Hepliaklqana
Uskayaw
Vehumet
Yredelemnul
Zin
Jiyva

Shops:
D:7 =*

Annotations:
D:9 1 runed door
Lair:5 exclusion: 4 oklob plants


Innate Abilities, Weirdness & Mutations

Your experience applies equally to all skills.
You have very sharp teeth.
Your uncanny sense of smell can sniff out nearby items.


Message History

No target in view!
No target in view!
No target in view!
No target in view!
No target in view!
No target in view!
No target in view!
No target in view!
You now have 3140 gold pieces (gained 22). 2 death yaks come into view.
You regained 2 hp, and now have 98/111 hp.
There are monsters nearby!
A death yak comes into view.
A death yak comes into view.
The death yak bellows!
Found an escape hatch in the ceiling.
You see here a ration.
The death yak bellows!
You hit the death yak but do no damage. You barely miss the death yak.
The death yak gores something.
You barely miss the death yak. The death yak gores you!
The death yak gores something but does no damage.
You take 8 damage, and have 91/111 hp.
You slice the death yak!! You bite the death yak.
The death yak gores you but does no damage.
You hit the death yak. You slash the death yak!
The death yak gores something but does no damage.
The death yak gores you but does no damage.
You hit the death yak but do no damage.
The death yak gores something!
You slice the death yak!! The death yak gores you!
You take 13 damage, and have 80/111 hp.
You hit the death yak but do no damage.
Lightning courses through the death yak!
The death yak gores something but does no damage.
The death yak misses you.
You slash the death yak!
Lightning courses through the death yak!
You kill the death yak!
You hit the death yak but do no damage.
You bite the death yak, but do no damage.
The death yak completely misses you.
The death yak is distracted by the nearby gold.
The death yak bellows!
You hit the death yak. You bite the death yak. The death yak gores you!
You take 17 damage, and have 64/111 hp.
You are too injured to fight recklessly!
You are too injured to fight recklessly!
You are too injured to fight recklessly!
You are too injured to fight recklessly!
You are too injured to fight recklessly!
You are too injured to fight recklessly!
You slash the death yak! The death yak closely misses you.
You hit the death yak but do no damage. The death yak closely misses you.
You hit the death yak.
Lightning courses through the death yak!
The death yak is no longer distracted by gold.
The death yak gores you!
The death yak gores something but does no damage.
You take 16 damage, and have 48/111 hp.
You slash the death yak!
The death yak gores you but does no damage.
The death yak gores something!
You hit the death yak but do no damage. You bite the death yak.
The death yak barely misses you.
The death yak completely misses something.
You slash the death yak!
You kill the death yak!
The death yak gores something!!
You completely miss the death yak. Your bite misses the death yak.
The death yak gores you.
The death yak gores something!
You take 2 damage, and have 46/111 hp.
You hit the death yak. The death yak completely misses you.
The death yak gores something!
You slash the death yak! You bite the death yak. The death yak gores you.
The death yak gores something.
You take 2 damage, and have 44/111 hp.
You hit the death yak. The death yak gores you!
The death yak gores something but does no damage.
You take 10 damage, and have 34/111 hp.
You barely miss the death yak.
You bite the death yak, but do no damage.
The death yak gores you!
* * * LOW HITPOINT WARNING * * *
The death yak gores something.
You take 11 damage, and have 23/111 hp.
You hit the death yak but do no damage.
Lightning courses through the death yak!
The death yak barely misses you.
You slash the death yak!
You bite the death yak, but do no damage.
The death yak completely misses something.
The death yak gores you!!
* * * LOW HITPOINT WARNING * * *
You take 18 damage, and have 5/111 hp.
You slice the death yak!!
The death yak gores something!
The death yak gores you!
You die...
Your body crumbles into a pile of gold.

..##........##P.P.....
##.......##PP......
##......#..P##....
#######.....###...###..
##..P..P......##... ..
#.................. ..
.+.###......##..# .. #.
###......#... .
P###.##P#@......#
PP.....YY#........
..P....%...........
...................
..................
.................
..P#............. ..
###..#........ .
.....#....#


You could see 2 death yaks.

Vanquished Creatures
  Gastronok (Lair:1)
  Snorg (Lair:4)
  The ghost of mhoghedin the Blocker, a journeyman HaFi of Trog (Lair:2)
  3 hydras
  2 catoblepae (Lair:5)
  11 death yaks
  Urug (Lair:2)
  Pikel (D:9)
  A manticore (Lair:5)
  An ugly thing (D:9)
  A merfolk siren (Lair:2)
  3 elephants (Lair:5)
  2 black mambas
  A torpor snail (Lair:5)
  Maurice (D:9)
  4 spiny frogs
  A rime drake (Lair:5)
  5 komodo dragons
  A troll (D:9)
  A hornet (D:9)
  8 blink frogs
  10 hippogriffs
  A vampire (D:9)
  4 wyverns
  26 yaks
  2 basilisks
  A hungry ghost (D:8)
  A two-headed ogre zombie (D:9)
  4 soldier ants (D:9)
  6 porcupines
  17 water moccasins
  An orc warrior (D:6)
  A swamp drake (D:9)
  3 ice beasts
  2 sky beasts
  2 phantoms (D:9)
  9 wolves
  2 necrophages (D:8)
  3 ogres
  7 crocodiles
  14 bullfrogs
  A big kobold (D:7)
  5 gnoll sergeants
  A troll zombie (D:9)
  2 scorpions
  13 killer bees
  7 wights
  6 electric eels
  A bullfrog zombie (D:7)
  13 crimson imps
  2 howler monkeys (D:7)
  A centaur zombie (D:6)
  7 hounds (D:6)
  3 gnoll shamans (D:6)
  4 orc priests
  A bullfrog skeleton (D:6)
  4 jellies
  A centaur skeleton (D:8)
  Ijyb (D:4)
  3 iguanas
  11 orc wizards
  12 worker ants
  5 ogre zombies (D:9)
  A hound zombie (D:9)
  A hound skeleton (D:6)
  A howler monkey zombie (D:5)
  Robin (D:4)
  A howler monkey skeleton (D:6)
  24 adders
  41 gnolls
  2 shadow imps
  4 oozes
  An adder skeleton (D:4)
  5 worms
  3 dart slugs
  5 leopard geckos
  31 orcs
  9 bats
  3 giant cockroaches
  2 gnoll zombies (D:8)
  9 goblins
  5 hobgoblins
  17 jackals
  8 kobolds
  2 ball pythons
  6 frilled lizards
  6 goblin zombies (D:9)
  4 hobgoblin skeletons (D:9)
  4 hobgoblin zombies (D:9)
  A jackal zombie (D:6)
  A leopard gecko skeleton (D:5)
  An orc skeleton (D:9)
  7 orc zombies (D:9)
  2 quokka skeletons (D:4)
  5 rats
484 creatures vanquished.

Vanquished Creatures (collateral kills)
  A porcupine (D:9)
1 creature vanquished.

Vanquished Creatures (others)
  3 slaves (D:9)
  An ogre zombie (D:9)
  3 orcs (D:9)
  A hobgoblin zombie (D:9)
  2 orc zombies (D:9)
  A bush (Lair:5)
  8 fungi
  13 plants
  12 toadstools (Lair:5)
44 creatures vanquished.

Grand Total: 529 creatures vanquished

Notes
Turn   | Place    | Note
-------+----------+-------------------------------------------
     0 | D:1      | mhoghedin the Gnoll Wanderer began the quest for the Orb.
     0 | D:1      | mhoghedin set off with: a +2 dagger, a potion of heal wounds, a +0 ring mail, a +0 mace, a ration
     0 | D:1      | Reached XP level 1. HP: 23/23 MP: 1/1
    57 | D:1      | Reached XP level 2. HP: 22/29 MP: 2/2
   381 | D:2      | Reached XP level 3. HP: 33/35 MP: 3/3
   455 | D:2      | Reached skill level 1 in Invocations
   639 | D:2      | Reached skill level 1 in Short Blades
   639 | D:2      | Reached skill level 1 in Long Blades
   639 | D:2      | Reached skill level 1 in Axes
   639 | D:2      | Reached skill level 1 in Polearms
   639 | D:2      | Reached skill level 1 in Staves
   639 | D:2      | Reached skill level 1 in Slings
   639 | D:2      | Reached skill level 1 in Crossbows
   639 | D:2      | Reached skill level 1 in Dodging
   639 | D:2      | Reached skill level 1 in Shields
   639 | D:2      | Reached skill level 1 in Unarmed Combat
   639 | D:2      | Reached skill level 1 in Spellcasting
   639 | D:2      | Reached skill level 1 in Evocations
   688 | D:2      | Reached XP level 4. HP: 35/41 MP: 5/5
  1105 | D:3      | Found an opulent altar of Gozag.
  1128 | D:3      | Became a worshipper of Gozag Ym Sagoz the Greedy
  1195 | D:3      | Found a hide-covered altar of Uskayaw.
  1237 | D:3      | Reached skill level 1 in Conjurations
  1237 | D:3      | Reached skill level 1 in Hexes
  1237 | D:3      | Reached skill level 1 in Charms
  1237 | D:3      | Reached skill level 1 in Summonings
  1237 | D:3      | Reached skill level 1 in Necromancy
  1237 | D:3      | Reached skill level 1 in Translocations
  1237 | D:3      | Reached skill level 1 in Transmutations
  1237 | D:3      | Reached skill level 1 in Fire Magic
  1237 | D:3      | Reached skill level 1 in Ice Magic
  1237 | D:3      | Reached skill level 1 in Air Magic
  1237 | D:3      | Reached skill level 1 in Earth Magic
  1237 | D:3      | Reached skill level 1 in Poison Magic
  1332 | D:3      | Reached XP level 5. HP: 37/47 MP: 5/7
  1696 | D:4      | Noticed Robin
  1703 | D:4      | Reached skill level 3 in Bows
  1703 | D:4      | Reached skill level 3 in Throwing
  1787 | D:4      | Killed Robin
  1802 | D:4      | Reached XP level 6. HP: 18/53 MP: 8/8
  1933 | D:4      | Reached skill level 2 in Invocations
  1968 | D:4      | Reached skill level 3 in Stealth
  2045 | D:4      | HP: 12/53 [something/magic dart (5)]
  2058 | D:4      | Reached skill level 2 in Short Blades
  2058 | D:4      | Reached skill level 2 in Long Blades
  2058 | D:4      | Reached skill level 2 in Axes
  2058 | D:4      | Reached skill level 5 in Maces & Flails
  2058 | D:4      | Reached skill level 2 in Polearms
  2058 | D:4      | Reached skill level 2 in Staves
  2058 | D:4      | Reached skill level 2 in Slings
  2058 | D:4      | Reached skill level 2 in Crossbows
  2058 | D:4      | Reached skill level 5 in Armour
  2058 | D:4      | Reached skill level 2 in Dodging
  2058 | D:4      | Reached skill level 2 in Shields
  2058 | D:4      | Reached skill level 2 in Unarmed Combat
  2058 | D:4      | Reached skill level 2 in Spellcasting
  2058 | D:4      | Reached skill level 2 in Evocations
  2288 | D:4      | Reached XP level 7. HP: 44/59 MP: 10/10
  2491 | D:4      | Reached skill level 7 in Fighting
  2628 | D:4      | Noticed Ijyb
  2643 | D:4      | Killed Ijyb
  2643 | D:4      | Reached skill level 2 in Conjurations
  2643 | D:4      | Reached skill level 2 in Hexes
  2643 | D:4      | Reached skill level 2 in Charms
  2643 | D:4      | Reached skill level 2 in Summonings
  2643 | D:4      | Reached skill level 2 in Necromancy
  2643 | D:4      | Reached skill level 2 in Translocations
  2643 | D:4      | Reached skill level 2 in Transmutations
  2643 | D:4      | Reached skill level 2 in Fire Magic
  2643 | D:4      | Reached skill level 2 in Ice Magic
  2643 | D:4      | Reached skill level 2 in Air Magic
  2643 | D:4      | Reached skill level 2 in Earth Magic
  2643 | D:4      | Reached skill level 2 in Poison Magic
  2890 | D:5      | Entered Level 5 of the Dungeon
  2894 | D:5      | Found a hazy altar of Hepliaklqana.
  3035 | D:5      | Found a radiant altar of Vehumet.
  3146 | D:5      | Noticed Blork the orc
  3155 | D:5      | Noticed Blork
  3155 | D:5      | Blork the orc changed into Blork the worker ant
  3160 | D:5      | Killed Blork the worker ant
  3340 | D:5      | Found a staircase to the Ecumenical Temple.
  3741 | D:6      | Reached skill level 3 in Invocations
  3826 | D:6      | Reached XP level 8. HP: 63/67 MP: 12/12
  3834 | D:6      | Reached skill level 3 in Short Blades
  3834 | D:6      | Reached skill level 3 in Long Blades
  3834 | D:6      | Reached skill level 3 in Axes
  3834 | D:6      | Reached skill level 3 in Polearms
  3834 | D:6      | Reached skill level 3 in Staves
  3834 | D:6      | Reached skill level 3 in Slings
  3834 | D:6      | Reached skill level 4 in Bows
  3834 | D:6      | Reached skill level 3 in Crossbows
  3834 | D:6      | Reached skill level 4 in Throwing
  3834 | D:6      | Reached skill level 3 in Dodging
  3834 | D:6      | Reached skill level 3 in Shields
  3834 | D:6      | Reached skill level 3 in Unarmed Combat
  3834 | D:6      | Reached skill level 3 in Spellcasting
  3834 | D:6      | Reached skill level 3 in Evocations
  3909 | D:6      | Reached skill level 4 in Stealth
  4345 | D:6      | Reached skill level 4 in Invocations
  4373 | D:6      | Reached skill level 3 in Conjurations
  4373 | D:6      | Reached skill level 3 in Hexes
  4373 | D:6      | Reached skill level 3 in Charms
  4373 | D:6      | Reached skill level 3 in Summonings
  4373 | D:6      | Reached skill level 3 in Necromancy
  4373 | D:6      | Reached skill level 3 in Translocations
  4373 | D:6      | Reached skill level 3 in Transmutations
  4373 | D:6      | Reached skill level 3 in Fire Magic
  4373 | D:6      | Reached skill level 3 in Ice Magic
  4373 | D:6      | Reached skill level 3 in Air Magic
  4373 | D:6      | Reached skill level 3 in Earth Magic
  4373 | D:6      | Reached skill level 3 in Poison Magic
  4418 | D:6      | Reached skill level 6 in Maces & Flails
  4418 | D:6      | Reached skill level 6 in Armour
  4418 | D:6      | Reached XP level 9. HP: 27/72 MP: 14/14
  4893 | D:6      | Reached skill level 4 in Short Blades
  4893 | D:6      | Reached skill level 4 in Long Blades
  4893 | D:6      | Reached skill level 4 in Axes
  4893 | D:6      | Reached skill level 4 in Polearms
  4893 | D:6      | Reached skill level 4 in Staves
  4893 | D:6      | Reached skill level 4 in Slings
  4893 | D:6      | Reached skill level 4 in Crossbows
  4893 | D:6      | Reached skill level 4 in Dodging
  4893 | D:6      | Reached skill level 4 in Shields
  4893 | D:6      | Reached skill level 4 in Unarmed Combat
  4893 | D:6      | Reached skill level 4 in Spellcasting
  4893 | D:6      | Reached skill level 4 in Evocations
  5362 | D:6      | Reached skill level 5 in Bows
  5362 | D:6      | Reached skill level 5 in Throwing
  5596 | D:7      | Found Zin's Purification Station.
  5596 | D:7      | Found a glowing silver altar of Zin.
  5725 | D:7      | Reached skill level 5 in Stealth
  5738 | D:7      | Reached skill level 8 in Fighting
  5907 | D:7      | Reached skill level 5 in Invocations
  6453 | D:7      | Bought the ring "Hompaic" {MR+ Int+6 Stlth+} for 758 gold pieces
  6502 | D:8      | Reached XP level 10. HP: 61/80 MP: 17/17
  6638 | D:8      | Reached skill level 4 in Conjurations
  6638 | D:8      | Reached skill level 4 in Hexes
  6638 | D:8      | Reached skill level 4 in Charms
  6638 | D:8      | Reached skill level 4 in Summonings
  6638 | D:8      | Reached skill level 4 in Necromancy
  6638 | D:8      | Reached skill level 4 in Translocations
  6638 | D:8      | Reached skill level 4 in Transmutations
  6638 | D:8      | Reached skill level 4 in Fire Magic
  6638 | D:8      | Reached skill level 4 in Ice Magic
  6638 | D:8      | Reached skill level 4 in Air Magic
  6638 | D:8      | Reached skill level 4 in Earth Magic
  6638 | D:8      | Reached skill level 4 in Poison Magic
  6851 | D:8      | Reached skill level 5 in Short Blades
  6851 | D:8      | Reached skill level 5 in Long Blades
  6851 | D:8      | Reached skill level 5 in Axes
  6851 | D:8      | Reached skill level 5 in Polearms
  6851 | D:8      | Reached skill level 5 in Staves
  6851 | D:8      | Reached skill level 5 in Slings
  6851 | D:8      | Reached skill level 5 in Crossbows
  6851 | D:8      | Reached skill level 5 in Dodging
  6851 | D:8      | Reached skill level 5 in Shields
  6851 | D:8      | Reached skill level 5 in Unarmed Combat
  6851 | D:8      | Reached skill level 5 in Spellcasting
  6851 | D:8      | Reached skill level 5 in Evocations
  7295 | D:8      | Reached skill level 7 in Maces & Flails
  7295 | D:8      | Reached skill level 7 in Armour
  7437 | D:8      | Found a basalt altar of Yredelemnul.
  7665 | D:9      | Noticed a green ugly thing
  7697 | D:9      | Killed a green ugly thing
  7697 | D:9      | Reached skill level 6 in Bows
  7697 | D:9      | Reached skill level 6 in Throwing
  7821 | D:9      | Noticed Pikel
  7833 | D:9      | Killed Pikel
  7833 | D:9      | Reached skill level 6 in Stealth
  7833 | D:9      | Reached skill level 6 in Invocations
  8376 | D:9      | Got a pair of brightly glowing boots
  8382 | D:9      | Identified the +1 pair of boots of Mezcal {rPois MR+ rCorr Int-5} (You found it on level 9 of the Dungeon)
  8412 | D:9      | Found a staircase to the Orcish Mines.
  8442 | D:9      | Reached XP level 11. HP: 62/87 MP: 19/19
  8593 | D:9      | Noticed Maurice
  8600 | D:9      | Killed Maurice
  8786 | D:9      | Found a runed gate.
  8786 | D:9      | Found a runed gate.
  8786 | D:9      | Found a runed gate.
  8802 | D:9      | Found a runed door.
  8811 | D:9      | Found a runed door.
  8813 | D:9      | Found the +9 staff of Olgreb {rPois}
  8891 | D:9      | Reached skill level 9 in Fighting
  8894 | D:9      | Reached skill level 6 in Short Blades
  8894 | D:9      | Reached skill level 6 in Long Blades
  8894 | D:9      | Reached skill level 6 in Axes
  8894 | D:9      | Reached skill level 6 in Polearms
  8894 | D:9      | Reached skill level 6 in Staves
  8894 | D:9      | Reached skill level 6 in Slings
  8894 | D:9      | Reached skill level 6 in Crossbows
  8894 | D:9      | Reached skill level 6 in Dodging
  8894 | D:9      | Reached skill level 6 in Shields
  8894 | D:9      | Reached skill level 6 in Unarmed Combat
  8894 | D:9      | Reached skill level 6 in Spellcasting
  8894 | D:9      | Reached skill level 6 in Evocations
  8938 | D:9      | Reached skill level 5 in Conjurations
  8938 | D:9      | Reached skill level 5 in Hexes
  8938 | D:9      | Reached skill level 5 in Charms
  8938 | D:9      | Reached skill level 5 in Summonings
  8938 | D:9      | Reached skill level 5 in Necromancy
  8938 | D:9      | Reached skill level 5 in Translocations
  8938 | D:9      | Reached skill level 5 in Transmutations
  8938 | D:9      | Reached skill level 5 in Fire Magic
  8938 | D:9      | Reached skill level 5 in Ice Magic
  8938 | D:9      | Reached skill level 5 in Air Magic
  8938 | D:9      | Reached skill level 5 in Earth Magic
  8938 | D:9      | Reached skill level 5 in Poison Magic
  9775 | D:9      | Found a staircase to the Lair.
  9782 | Lair:1   | Entered Level 1 of the Lair of Beasts
  9784 | Lair:1   | Noticed Gastronok
  9807 | Lair:1   | HP: 17/89 [Gastronok (32)]
  9813 | Lair:1   | HP: 8/89 [Gastronok/the air (10)]
  9821 | Lair:1   | Killed Gastronok
  9821 | Lair:1   | Reached skill level 8 in Maces & Flails
  9821 | Lair:1   | Reached skill level 7 in Bows
  9821 | Lair:1   | Reached skill level 7 in Throwing
  9821 | Lair:1   | Reached skill level 8 in Armour
  9821 | Lair:1   | Reached skill level 7 in Invocations
  9828 | Lair:1   | HP: 7/89 [electric eel/bolt of electricity (5)]
 10174 | Lair:1   | Reached skill level 7 in Stealth
 10322 | Lair:1   | Reached XP level 12. HP: 91/96 MP: 22/22
 10857 | Lair:2   | Noticed Urug
 10864 | Lair:2   | Killed Urug
 10927 | Lair:2   | Noticed mhoghedin's ghost (journeyman HaFi)
 10944 | Lair:2   | Killed mhoghedin's ghost
 11066 | Lair:2   | Reached skill level 7 in Short Blades
 11066 | Lair:2   | Reached skill level 7 in Long Blades
 11066 | Lair:2   | Reached skill level 7 in Axes
 11066 | Lair:2   | Reached skill level 7 in Polearms
 11066 | Lair:2   | Reached skill level 7 in Staves
 11066 | Lair:2   | Reached skill level 7 in Slings
 11066 | Lair:2   | Reached skill level 7 in Crossbows
 11066 | Lair:2   | Reached skill level 7 in Dodging
 11066 | Lair:2   | Reached skill level 7 in Shields
 11066 | Lair:2   | Reached skill level 7 in Unarmed Combat
 11066 | Lair:2   | Reached skill level 7 in Spellcasting
 11066 | Lair:2   | Reached skill level 7 in Evocations
 11354 | Lair:2   | Found a staircase to the Shoals.
 11818 | Lair:3   | Noticed a death yak
 11830 | Lair:3   | Reached skill level 6 in Conjurations
 11830 | Lair:3   | Reached skill level 6 in Hexes
 11830 | Lair:3   | Reached skill level 6 in Charms
 11830 | Lair:3   | Reached skill level 6 in Summonings
 11830 | Lair:3   | Reached skill level 6 in Necromancy
 11830 | Lair:3   | Reached skill level 6 in Translocations
 11830 | Lair:3   | Reached skill level 6 in Transmutations
 11830 | Lair:3   | Reached skill level 6 in Fire Magic
 11830 | Lair:3   | Reached skill level 6 in Ice Magic
 11830 | Lair:3   | Reached skill level 6 in Air Magic
 11830 | Lair:3   | Reached skill level 6 in Earth Magic
 11830 | Lair:3   | Reached skill level 6 in Poison Magic
 11841 | Lair:3   | Killed a death yak
 11843 | Lair:3   | Reached skill level 8 in Invocations
 11955 | Lair:3   | Noticed a death yak
 11958 | Lair:3   | Noticed a death yak
 11959 | Lair:3   | Noticed a death yak
 11959 | Lair:3   | Noticed a death yak
 11979 | Lair:2   | Killed a death yak
 12272 | Lair:3   | Reached skill level 10 in Fighting
 12272 | Lair:3   | Reached skill level 8 in Bows
 12272 | Lair:3   | Reached skill level 8 in Throwing
 12535 | Lair:3   | Reached skill level 8 in Stealth
 12584 | Lair:3   | Killed a death yak
 12584 | Lair:3   | Reached skill level 9 in Maces & Flails
 12584 | Lair:3   | Reached skill level 9 in Armour
 12589 | Lair:3   | Killed a death yak
 12601 | Lair:3   | Killed a death yak
 12601 | Lair:3   | Reached XP level 13. HP: 34/103 MP: 21/24
 12922 | Lair:3   | Got a twisted glaive
 12923 | Lair:3   | Identified the +10 glaive "Beetleslayer" {chop, *Drain rF+ rC- Int+8} (You found it on level 3 of the Lair of Beasts)
 13174 | Lair:3   | Learned a level 2 spell: Blink
 13345 | Lair:4   | Found a staircase to the Snake Pit.
 13481 | Lair:4   | Noticed Snorg
 13489 | Lair:4   | Killed Snorg
 13515 | Lair:4   | Reached skill level 8 in Short Blades
 13515 | Lair:4   | Reached skill level 8 in Long Blades
 13515 | Lair:4   | Reached skill level 8 in Axes
 13515 | Lair:4   | Reached skill level 8 in Polearms
 13515 | Lair:4   | Reached skill level 8 in Staves
 13515 | Lair:4   | Reached skill level 8 in Slings
 13515 | Lair:4   | Reached skill level 8 in Crossbows
 13515 | Lair:4   | Reached skill level 8 in Dodging
 13515 | Lair:4   | Reached skill level 8 in Shields
 13515 | Lair:4   | Reached skill level 8 in Unarmed Combat
 13515 | Lair:4   | Reached skill level 8 in Spellcasting
 13515 | Lair:4   | Reached skill level 8 in Evocations
 14266 | Lair:5   | Reached skill level 9 in Invocations
 14538 | Lair:5   | Reached skill level 7 in Conjurations
 14538 | Lair:5   | Reached skill level 7 in Hexes
 14538 | Lair:5   | Reached skill level 7 in Charms
 14538 | Lair:5   | Reached skill level 7 in Summonings
 14538 | Lair:5   | Reached skill level 7 in Necromancy
 14538 | Lair:5   | Reached skill level 7 in Translocations
 14538 | Lair:5   | Reached skill level 7 in Transmutations
 14538 | Lair:5   | Reached skill level 7 in Fire Magic
 14538 | Lair:5   | Reached skill level 7 in Ice Magic
 14538 | Lair:5   | Reached skill level 7 in Air Magic
 14538 | Lair:5   | Reached skill level 7 in Earth Magic
 14538 | Lair:5   | Reached skill level 7 in Poison Magic
 15065 | Lair:5   | Got an iridescent morningstar
 15066 | Lair:5   | Identified the cursed +1 morningstar "Gong" {freeze, rF+ MR- Stlth+} (You found it on level 5 of the Lair of Beasts)
 15219 | Lair:5   | Reached skill level 9 in Bows
 15219 | Lair:5   | Reached skill level 9 in Throwing
 15679 | Lair:5   | Found a runed door.
 15858 | Lair:5   | Reached skill level 9 in Stealth
 15871 | Lair:5   | HP: 19/104 [catoblepas (12)]
 15876 | Lair:5   | HP: 13/104 [acid (5)]
 16321 | Lair:5   | Reached XP level 14. HP: 103/111 MP: 26/26
 16387 | Lair:5   | Got a pitted lajatang
 16390 | Lair:5   | Identified the +0 lajatang "Cyzxotoc" {elec, Str+2 Int+4 Dex+4} (You found it on level 5 of the Lair of Beasts)
 16474 | Lair:6   | Entered Level 6 of the Lair of Beasts
 16474 | Lair:6   | Found a staircase to the Slime Pits.
 16474 | Lair:6   | Found a viscous altar of Jiyva.
 16533 | Lair:6   | HP: 23/111 [death yak (12)]
 16535 | Lair:6   | HP: 5/111 [death yak (18)]
 16536 | Lair:6   | Slain by a death yak

Vault maps used:
D:1:      sevenhm_arrival_forest_fort_small_4
D:2:      serial_curves, eino_curves_01, eino_curves_04
D:3:      lemuel_crystal_altar, old_standard_altar
D:4:      first_ration, kennysheep_generic_room_6, uniq_ijyb, uniq_robin
D:5:      lemuel_round_altar, vehumet_crystals, temple_statues,
          uniq_blork_the_orc
D:6:      serial_gnoll_camp, gnoll_camp_mini_basic, gnoll_camp_medium_02,
          gnoll_camp_huts_moat, gnoll_camp_mini_basic,
          kennysheep_cross_bottleneck, grunt_ministairs_8,
          minmay_misc_feat_rugged
D:7:      zin_purify
D:8:      lemuel_zombie_altar_yredelemnul, minmay_nine_imps
D:9:      erik_lair_dragon, zombieorc2_lemuel, hangedman_pestilent_swarm,
          hangedman_abyss_or_decor_stagger,
          minmay_guarded_unrand_staff_of_olgreb, uniq_maurice, uniq_pikel
Lair:1:   disabler_island, uniq_gastronok
Lair:2:   elwin_shoals_entry_rooms, minivault_23, uniq_urug
Lair:3:   patterned_corridor, serial_bayou_shore_a, grunt_megastairs_5
Lair:4:   minmay_snake_entry_six_corridors, grunt_megastairs_3,
          infiniplex_staircase_pool, uniq_snorg
Lair:5:   gammafunk_lair_enchanted_lake, minmay_lair_oklob_chamber
Lair:6:   evilmike_catoblepas_cave, slime_altar_1, st_stairs_8, dpeg_oklob_1

Skill      XL: |  1  2  3  4  5  6  7  8  9 10 11 12 13 |
---------------+----------------------------------------+-----
Invocations    | 1 2 3 4 5 6 7 8 9 |  9.5
Short Blades   | 1 2 3 4 5 6 7 8 |  8.7
Long Blades    | 1 2 3 4 5 6 7 8 |  8.7
Axes           | 1 2 3 4 5 6 7 8 |  8.7
Polearms       | 1 2 3 4 5 6 7 8 |  8.7
Staves         | 1 2 3 4 5 6 7 8 |  8.7
Slings         | 1 2 3 4 5 6 7 8 |  8.7
Crossbows      | 1 2 3 4 5 6 7 8 |  8.7
Dodging        | 1 2 3 4 5 6 7 8 |  8.7
Shields        | 1 2 3 4 5 6 7 8 |  8.7
Unarmed Combat | 1 2 3 4 5 6 7 8 |  8.7
Spellcasting   | 1 2 3 4 5 6 7 8 |  8.7
Evocations     | 1 2 3 4 5 6 7 8 |  8.7
Conjurations   | 1 2 3 4 5 6 7 |  7.2
Hexes          | 1 2 3 4 5 6 7 |  7.2
Charms         | 1 2 3 4 5 6 7 |  7.2
Summonings     | 1 2 3 4 5 6 7 |  7.2
Necromancy     | 1 2 3 4 5 6 7 |  7.2
Translocations | 1 2 3 4 5 6 7 |  7.2
Transmutations | 1 2 3 4 5 6 7 |  7.2
Fire Magic     | 1 2 3 4 5 6 7 |  7.2
Ice Magic      | 1 2 3 4 5 6 7 |  7.2
Air Magic      | 1 2 3 4 5 6 7 |  7.2
Earth Magic    | 1 2 3 4 5 6 7 |  7.2
Poison Magic   | 1 2 3 4 5 6 7 |  7.2
Bows           | 3 4 5 6 7 8 9 |  9.1
Throwing       | 3 4 5 6 7 8 9 |  9.1
Stealth        | 3 4 5 6 7 8 9 |  9.1
Maces & Flails | 5 6 7 8 9 |  9.8
Armour         | 5 6 7 8 9 |  9.8
Fighting       | 7 8 9 10 | 10.8

Action                   |  1- 3 |  4- 6 |  7- 9 | 10-12 | 13-15 || total
-------------------------+-------+-------+-------+-------+-------++-------
Melee: Whip              |    89 |   203 |   223 |   283 |     4 ||   802
       Bite              |    12 |    31 |    46 |    64 |    31 ||   184
       Mace              |     2 |       |       |       |       ||     2
       Punch             |       |     3 |     2 |    18 |     8 ||    31
       Staff             |       |       |       |   114 |   129 ||   243
       Morningstar       |       |       |       |    15 |    12 ||    27
       Lajatang          |       |       |       |       |    30 ||    30
 Fire: Longbow           |       |       |   219 |   188 |    85 ||   492
Invok: Potion Petition   |       |     1 |       |       |       ||     1
       Call Merchant     |       |       |     1 |       |       ||     1
Evoke: Wand              |       |     1 |     1 |    21 |     3 ||    26
       Staff of Olgreb   |       |       |       |    14 |    17 ||    31
       Sack of spiders   |       |       |       |     1 |       ||     1
       Lamp of fire      |       |       |       |       |     1 ||     1
  Use: Potion            |       |     4 |       |    11 |       ||    15
       Scroll            |       |       |     8 |     2 |     3 ||    13
 Stab: Sleeping          |       |     2 |       |     4 |     5 ||    11
       Distracted        |       |       |       |     3 |       ||     3
  Eat: Ration            |       |     2 |     4 |     6 |     4 ||    16
Armor: Ring mail         |    45 |    52 |       |       |       ||    97
       Scale mail        |       |       |   139 |   167 |    78 ||   384
       Skin              |       |       |       |     3 |       ||     3
Dodge: Dodged            |    55 |    95 |   188 |   290 |   153 ||   781

Table legend:
 A = Spawn XP
 B = Non-spawn XP
 C = Spawn XP percentage of total XP
 D = Spawn monster count
 E = Non-spawn monster count
 F = Spawn count percentage of total count
 G = Total turns spent on level
                    A         B        C        D         E        F      G
               +---------+---------+-------+---------+---------+-------+---------
         Total |       0 |   56342 |   0.0 |       0 |     485 |   0.0 | 16536
               +---------+---------+-------+---------+---------+-------+---------
           D:1 |       0 |      27 |   0.0 |       0 |      14 |   0.0 |   367
           D:2 |       0 |      85 |   0.0 |       0 |      19 |   0.0 |   738
           D:3 |       0 |      82 |   0.0 |       0 |      15 |   0.0 |   525
           D:4 |       0 |     644 |   0.0 |       0 |      46 |   0.0 |  1297
           D:5 |       0 |     177 |   0.0 |       0 |       8 |   0.0 |   808
           D:6 |       0 |    2456 |   0.0 |       0 |      89 |   0.0 |  1850
           D:7 |       0 |     912 |   0.0 |       0 |      27 |   0.0 |  1001
           D:8 |       0 |    2320 |   0.0 |       0 |      37 |   0.0 |  1029
           D:9 |       0 |    7139 |   0.0 |       0 |      92 |   0.0 |  2508
        Lair:1 |       0 |    5564 |   0.0 |       0 |      20 |   0.0 |   724
        Lair:2 |       0 |    5822 |   0.0 |       0 |      19 |   0.0 |  1088
        Lair:3 |       0 |    7756 |   0.0 |       0 |      29 |   0.0 |  1265
        Lair:4 |       0 |    6697 |   0.0 |       0 |      30 |   0.0 |   889
        Lair:5 |       0 |   14538 |   0.0 |       0 |      37 |   0.0 |  2385
        Lair:6 |       0 |    2123 |   0.0 |       0 |       3 |   0.0 |    62
               +---------+---------+-------+---------+---------+-------+---------

Vault maps used:
D:1:      sevenhm_arrival_forest_fort_small_4
D:2:      serial_curves, eino_curves_01, eino_curves_04
D:3:      lemuel_crystal_altar, old_standard_altar
D:4:      first_ration, kennysheep_generic_room_6, uniq_ijyb, uniq_robin
D:5:      lemuel_round_altar, vehumet_crystals, temple_statues,
          uniq_blork_the_orc
D:6:      serial_gnoll_camp, gnoll_camp_mini_basic, gnoll_camp_medium_02,
          gnoll_camp_huts_moat, gnoll_camp_mini_basic,
          kennysheep_cross_bottleneck, grunt_ministairs_8,
          minmay_misc_feat_rugged
D:7:      zin_purify
D:8:      lemuel_zombie_altar_yredelemnul, minmay_nine_imps
D:9:      erik_lair_dragon, zombieorc2_lemuel, hangedman_pestilent_swarm,
          hangedman_abyss_or_decor_stagger,
          minmay_guarded_unrand_staff_of_olgreb, uniq_maurice, uniq_pikel
Lair:1:   disabler_island, uniq_gastronok
Lair:2:   elwin_shoals_entry_rooms, minivault_23, uniq_urug
Lair:3:   patterned_corridor, serial_bayou_shore_a, grunt_megastairs_5
Lair:4:   minmay_snake_entry_six_corridors, grunt_megastairs_3,
          infiniplex_staircase_pool, uniq_snorg
Lair:5:   gammafunk_lair_enchanted_lake, minmay_lair_oklob_chamber
Lair:6:   evilmike_catoblepas_cave, slime_altar_1, st_stairs_8, dpeg_oklob_1

Table legend:
 A = Turns spent in this place as a percentage of turns spent in the entire game.
 B = Non-inter-level travel turns spent in this place as a percentage of non-inter-level travel turns spent in the entire game.
 C = Inter-level travel turns spent in this place as a percentage of turns spent in this place.
 D = Turns resting spent in this place as a percentage of non-inter-level travel turns spent in this place.
 E = Turns spent auto-exploring this place as a percentage of non-inter-level travel turns spent in this place.
 F = Non-inter-level travel turns spent in this place divided by the number of levels of this place that you've seen.
                   A       B       C       D       E      F
               +-------+-------+-------+-------+-------+----------------------
         Total | 100.0 | 100.0 |   4.5 |  21.8 |  56.0 | 1052.9
       Dungeon |  61.2 |  60.9 |   4.9 |  17.1 |  58.2 | 1069.3
          Lair |  38.8 |  39.1 |   3.8 |  29.2 |  52.6 | 1028.2
               +-------+-------+-------+-------+-------+----------------------

Table legend:
 A = Kills in this place as a percentage of kills in entire the game.
 B = Kills by you in this place as a percentage of kills by you in the entire game.
 C = Kills by friends in this place as a percentage of kills by friends in the entire game.
 D = Other kills in this place as a percentage of other kills in the entire game.
 E = Experience gained in this place as a percentage of experience gained in the entire game.
 F = Experience gained in this place divided by the number of levels of this place that you have seen.
                   A       B       C       D       E      F
               +-------+-------+-------+-------+-------+----------------------
         Total | 100.0 | 100.0 | 100.0 |   N/A | 100.0 | 3756.1
       Dungeon |  71.5 |  71.5 | 100.0 |   N/A |  24.6 | 1538.0
          Lair |  28.5 |  28.5 |   0.0 |   N/A |  75.4 | 7083.3
               +-------+-------+-------+-------+-------+----------------------
